 Dungeon Crawl Stone Soup version 0.26-a0-597-gb535b0901c (webtiles) character file.

Game seed: 17756032989323710669

746 Lugonue the Insei (level 7, -3/33 HPs)
             Began as a Vine Stalker Transmuter on Sept 9, 2020.
             Was an Initiate of Gozag.
             Killed from afar by a gargoyle (16 damage)
             ... with a stone arrow
             ... on level 5 of the Dungeon.
             The game lasted 00:09:27 (4414 turns).

Lugonue the Insei (Vine Stalker Transmuter)         Turns: 4414, Time: 00:09:27

Health: -3/33      AC:  3    Str: 19    XL:     7   Next: 77%
Magic:  0/14       EV: 13    Int: 14    God:    Gozag
Gold:   552        SH:  0    Dex: 15    Spells: 6/14 levels left

rFire    . . .     SeeInvis .     - Unarmed
rCold    . . .     Faith    .   (no shield)
rNeg     . . .     Spirit   +   a - +0 robe
rPois    .         Reflect  .   (helmet currently unavailable)
rElec    .         Harm     .   g - +0 cloak
rCorr    .                      (no gloves)
MR       .....                  (boots currently unavailable)
Stlth    ++........             s - amulet of regeneration
HPRegen  0.91/turn              p - +6 ring of strength
MPRegen  0.14/turn              (no ring)

@: appendages
A: fangs 2, horns 2, talons 2, regeneration 1, magic shield, antimagic bite, no
potion heal 3, rot immunity
a: End Transformation, Potion Petition, Call Merchant, Bribe Branch, Renounce
Religion


You were on level 5 of the Dungeon.
You worshipped Gozag.
Gozag was pleased with you.
You had grown temporary horns.
You had grown temporary talons.
You visited 1 branch of the dungeon, and saw 5 of its levels.

You collected 603 gold pieces.
You paid 51 gold pieces to Gozag.

Inventory:

Missiles
 h - 30 poisoned darts (quivered)
Armour
 a - a +0 robe (worn)
 g - a +0 cloak (worn)
 j - a +0 pair of boots (melded)
Jewellery
 p - a +6 ring of strength (left hand)
 s - an amulet of regeneration (around neck)
Wands
 e - a wand of acid (9)
Scrolls
 c - 3 scrolls of fear
 i - 4 scrolls of remove curse {unknown}
 k - 2 scrolls of noise
 l - a scroll of enchant armour {unknown}
 m - 7 scrolls of teleportation {unknown}
 r - a scroll of blinking {unknown}
 t - 3 scrolls of identify
 u - 2 scrolls of enchant weapon {unknown}
Potions
 b - 3 potions of curing
 d - a potion of haste {unknown}
 f - a potion of invisibility {unknown}
 n - a potion of lignification {unknown}
 o - a potion of heal wounds {unknown}
 q - a potion of mutation {unknown}
 v - a potion of might {unknown}


   Skills:
 + Level 1.5 Fighting
 + Level 2.3 Dodging
 + Level 2.9 Stealth
 * Level 6.3 Unarmed Combat
 + Level 4.0 Spellcasting
 + Level 4.0 Transmutations


You had 6 spell levels left.
You knew the following spells:

 Your Spells              Type           Power        Failure   Level
a - Beastly Appendage     Tmut           ##....       3%          1
b - Spider Form           Tmut/Pois      #.........   26%         3
c - Ice Form              Ice/Tmut       #.......     63%         4

Your spell library contained the following spells:

 Spells                   Type           Power        Failure   Level
 Wereblood                Tmut           ##......     5%          2
 Blade Hands              Tmut           ##........   71%         5


Dungeon Overview and Level Annotations

Branches:
Dungeon (5/15)             Temple (0/1) D:4

Altars:
Gozag
Xom


Innate Abilities, Weirdness & Mutations

You have extremely sharp teeth.
Your natural rate of healing is unusually fast.
When hurt, damage is shared between your health and your magic reserves.
Your bite disrupts and absorbs the magic of your enemies.
Potions cannot restore your health.
You are immune to rotting.
You have a pair of horns on your head.
You have razor-sharp toenails.


Message History

Your kick misses the orc wizard. Your headbutt misses the orc wizard.
Your bite misses the orc wizard.
An ufetubus comes into view.
The orc wizard hits you but does no damage.
Unknown command.
As you read the scroll of fear, it crumbles to dust.
You assume a fearsome visage.
The orc wizard looks frightened!
The gargoyle is unaffected.
The ufetubus is unaffected.
The hippogriff looks frightened!
The orc wizard casts a spell.
The orc wizard flickers and vanishes!
Deactivating autopickup; reactivate with Ctrl-A.
A jackal comes into view.
The gargoyle hurls a stone arrow at you.
The stone arrow hits you!!
Ouch! That really hurt!
The gargoyle hurls a stone arrow at you.
The stone arrow hits you!!
You die...
Your body crumbles into a pile of gold.

..##+ #.# ......#.## ......#..
......'.# ##### #.##...(##
#9#....#.# # #...# ..#... ####
...########+##..##......... #...
...#............@.....#..... +...
...#............##...##.....##...
>..#............###+###..........
...#.......................###.##
...#.......................# #.#
...##....###)...##.........###.##
...##....###..[)# ... #....'.._..
#..##.....#....)#######....######
#..##.....#..........##....# ###


You could see a gargoyle.

Vanquished Creatures
  2 ogres (D:4)
  A centaur (D:5)
  A howler monkey (D:4)
  A jelly (D:5)
  A centaur zombie (D:2)
  2 hounds (D:5)
  An orc priest (D:4)
  2 orc wizards (D:5)
  A centaur skeleton (D:4)
  An iguana (D:4)
  3 worker ants
  A gnoll (D:1)
  3 adders
  A worm (D:3)
  3 dart slugs
  4 leopard geckos
  13 orcs
  6 goblins
  7 hobgoblins
  5 jackals
  6 kobolds
  A quokka (D:5)
  7 bats
  5 frilled lizards
  A quokka skeleton (D:5)
  4 rats
83 creatures vanquished.

Notes
Turn   | Place    | Note
-------+----------+-------------------------------------------
     0 | D:1      | Lugonue the Vine Stalker Transmuter began the quest for the
                  | Orb.
     0 | D:1      | Reached XP level 1. HP: 9/9 MP: 4/4
    33 | D:1      | Reached XP level 2. HP: 14/14 MP: 4/6
   483 | D:1      | Reached XP level 3. HP: 15/17 MP: 4/7
   861 | D:2      | Reached skill level 4 in Unarmed Combat
   986 | D:2      | Found an opulent altar of Gozag.
  1236 | D:2      | Found a faded altar of an unknown god.
  1593 | D:2      | Reached skill level 1 in Stealth
  1593 | D:2      | Gained mutation: Your natural rate of healing is unusually
                  | fast. [Vine Stalker growth]
  1593 | D:2      | Reached XP level 4. HP: 9/21 MP: 4/9
  1967 | D:2      | Became a worshipper of Gozag Ym Sagoz the Greedy
  2637 | D:3      | Reached XP level 5. HP: 25/25 MP: 8/10
  2849 | D:4      | Noticed an ogre
  3057 | D:4      | Reached skill level 1 in Fighting
  3086 | D:4      | Learned a level 3 spell: Spider Form
  3459 | D:4      | Reached XP level 6. HP: 25/30 MP: 8/11
  3464 | D:4      | Reached skill level 5 in Unarmed Combat
  3628 | D:4      | Found a staircase to the Ecumenical Temple.
  3671 | D:4      | Learned a level 4 spell: Ice Form
  3796 | D:4      | Reached XP level 7. HP: 17/33 MP: 5/13
  4048 | D:5      | Entered Level 5 of the Dungeon
  4130 | D:5      | Found a shimmering altar of Xom.
  4170 | D:5      | Reached skill level 6 in Unarmed Combat
  4407 | D:5      | Noticed a gargoyle
  4408 | D:5      | Noticed a hippogriff
  4414 | D:5      | Killed from afar by a gargoyle

Illustrated notes

Levels and vault maps discovered:
D:1:      mrwooster_arrival_statue_3, layout_rooms
D:2:      layout_loops_corners, nicolae_overflow_hidden_temple,
          grunt_gozag_statues, chequers_ecumenical_altar_lobes
D:3:      layout_basic
D:4:      layout_loops_ring, minmay_temple_entry_ruins
D:5:      layout_gridville, lemuel_doored_altar,
          nicolae_ru_great_annihilating_truth, minmay_manual_monstrance

Skill      XL: |  1  2  3  4  5  6  7 |
---------------+----------------------+-----
Unarmed Combat | 4 5 6 |  6.3
Stealth        | 1 2 |  2.9
Fighting       | 1 |  1.5
Spellcasting   | 3 4 |  4.0
Dodging        | 2 |  2.3
Transmutations | 3 4 |  4.0

Action                   |  1- 3 |  4- 6 |  7- 9 || total
-------------------------+-------+-------+-------++-------
Melee: Unarmed           |    73 |    81 |    38 ||   192
       Kick              |    13 |    18 |    16 ||    47
       Headbutt          |     7 |    13 |     4 ||    24
       Bite              |    10 |    13 |     7 ||    30
Throw: Dart              |       |    25 |     2 ||    27
 Cast: Beastly Appendage |    19 |    20 |    12 ||    51
       Spider Form       |       |     3 |       ||     3
Evoke: Wand              |       |     1 |       ||     1
  Use: Scroll            |     2 |     2 |     1 ||     5
 Stab: Sleeping          |       |     2 |     2 ||     4
       Distracted        |       |       |     1 ||     1
Armor: Robe              |    10 |    19 |     4 ||    33
Dodge: Dodged            |    53 |    56 |    19 ||   128

Table legend: (Time is in decaauts)
 A = Elapsed time spent in this place.
 B = Non-inter-level travel time spent in this place.
 C = Inter-level travel time spent in this place.
 D = Time resting spent in this place.
 E = Time spent auto-exploring this place.
 F = Levels seen in this place.
 G = Mean time per level.
                   A        B        C        D        E       F      G
               +--------+--------+--------+--------+--------+-----+--------+
         Total |   4398 |   4227 |    171 |    194 |   3135 |   5 |  879.6 |
       Dungeon |   4398 |   4227 |    171 |    194 |   3135 |   5 |  879.6 |
               +--------+--------+--------+--------+--------+-----+--------+

Top non-repeatable levels by time:
     D:2: 1248 daAuts
     D:3: 1058 daAuts
     D:4: 998 daAuts
     D:1: 730 daAuts
     D:5: 361 daAuts
